 Dungeon Crawl Stone Soup version 0.31-a0-161-gb58dd9be76 (webtiles) character file.

Game seed: 13519658754574311573

28339 uvd540 the Severer (level 13, 0/187 HPs)
             Began as a Minotaur Berserker on June 12, 2023.
             Was a High Priest of Trog.
             Slain by a black bear (3 damage)
             ... on level 3 of the Lair of Beasts.
             The game lasted 01:19:26 (15669 turns).

uvd540 the Severer (Minotaur Berserker)            Turns: 15669, Time: 01:19:27

Health: 0/187      AC: 26    Str: 27    XL:     13   Next: 9%
Magic:  12/12      EV:  2    Int:  4    God:    Trog [*****.]
Gold:   887        SH:  0    Dex: 10    Spells: 12/12 levels left

rFire   . . .        u - +1 demon trident of Fimbulwinter {flame, Will+}
rCold   + . .        (no shield)
rNeg    . . .        f - melded +2 chain mail {rC+}
rPois   +            (helmet currently unavailable)
rElec   .            (cloak currently unavailable)
rCorr   .            d - melded +0 pair of gloves
SInv    .            g - melded +0 pair of boots
Will    +....        b - amulet of the acrobat
Stlth   +            t - ring of protection from cold
HPRegen 0.51/turn    v - ring of flight
MPRegen 0.13/turn

%: acrobat
@: tree-form, frozen, very slow
A: stationary, stasis, torment immunity, boosted hp, (horns 2), (retaliatory
headbutt)
a: Renounce Religion, Berserk, Trog's Hand, Brothers in Arms


You were on level 3 of the Lair of Beasts.
You worshipped Trog.
Trog was extremely pleased with you.
You were a tree.
You visited 2 branches of the dungeon, and saw 15 of its levels.

You collected 950 gold pieces.
You spent 63 gold pieces at shops.

Inventory:

Hand Weapons
 e - a +2 dagger of venom
 o - a +0 war axe
 p - a +0 dagger of flaming
 u - the +1 demon trident of Fimbulwinter (weapon) {flame, Will+}
   (Trog gifted it to you on level 1 of the Lair of Beasts)

   Will:      It increases your willpower.
 y - a +4 hand axe of freezing
 B - a +5 battleaxe
 R - a +4 mace of draining
Missiles
 D - 12 poisoned darts (quivered)
 V - 3 silver javelins
Armour
 d - a +0 pair of gloves (melded)
 f - a +2 chain mail of cold resistance (melded)
 g - a +0 pair of boots (melded)
 l - a +0 kite shield
 M - an orb of mayhem
Jewellery
 b - an amulet of the acrobat (around neck)
 t - a ring of protection from cold (left branch)
 v - a ring of flight (right branch)
 W - a ring of ice
Wands
 x - a wand of paralysis (2)
 N - a wand of roots (10)
 T - a wand of polymorph (6)
 X - a wand of flame (13)
Scrolls
 h - a scroll of fog
 i - 2 scrolls of poison {unknown}
 j - 2 scrolls of teleportation
 m - a scroll of immolation {unknown}
 s - 3 scrolls of noise
 w - a scroll of amnesia {unknown}
 A - 3 scrolls of silence {unknown}
 C - a scroll of revelation
 G - 3 scrolls of fear {unknown}
 H - 2 scrolls of brand weapon {unknown}
 J - 3 scrolls of enchant armour {unknown}
 K - a scroll of vulnerability {unknown}
 S - a scroll of torment {unknown}
Potions
 a - a potion of lignification
 k - a potion of resistance {unknown}
 n - 2 potions of berserk rage
 q - 2 potions of invisibility
 r - a potion of attraction
 z - a potion of mutation
 E - 2 potions of degeneration
 O - 3 potions of enlightenment
 P - a potion of haste {unknown}
 Q - a potion of brilliance {unknown}
 Y - a potion of magic {unknown}
Miscellaneous
 L - a box of beasts
 U - a phantom mirror


   Skills:
 + Level 14.4 Fighting
 - Level 16.0(17.1) Axes
 * Level 10.3(14.4) Maces & Flails
 + Level 10.3 Armour
 - Level 2.1 Dodging
 - Level 8.1 Shields


You had 12 spell levels left.
You didn't know any spells.
Your spell library contained the following spells:

 Spells                   Type           Power      Damage    Failure   Level
 Portal Projectile        Hex/Tloc       0%         N/A       86%         3
 Tukima's Dance           Hex            0%         N/A       86%         3
 Blade Hands              Tmut           0%         N/A       100%        5


Dungeon Overview and Level Annotations

Branches:
Dungeon (12/15)            Temple (0/1) D:4            Lair (3/5) D:10
  Snake (0/4) Lair:2          Orc (0/2) D:10
  Swamp: Lair:2-3    Shoals: Lair:2-3

Altars:
Cheibriados
Elyvilon
Fedhas
Gozag
Makhleb
Nemelex Xobeh
Qazlal
Vehumet

Shops:
D:1 [   D:11 *

Annotations:
D:9 exclusion: orange crystal statue
Lair:1 exclusion: 2 oklob plants


Innate Abilities, Weirdness & Mutations

You are a tree.
Your roots penetrate the ground, keeping you stationary.
You cannot be teleported.
You are immune to unholy pain and torment.
Your maximum health is greatly increased.
Your equipment is partially melded.
((You have a pair of horns on your head.))
((You reflexively headbutt those who attack you in melee.))


Message History

* * * LOW HITPOINT WARNING * * *
You puncture the seven-headed hydra! You burn the seven-headed hydra.
You kill the seven-headed hydra!
Trog accepts your kill.
The rime drake bites you but does no damage.
The five-headed hydra bites you.
* * * LOW HITPOINT WARNING * * *
The five-headed hydra bites you!
* * * LOW HITPOINT WARNING * * *
The five-headed hydra bites you but does no damage. x3
You hit the five-headed hydra. You burn the five-headed hydra.
The five-headed hydra is moderately wounded.
The rime drake bites you but does no damage.
The five-headed hydra barely misses you.
The five-headed hydra bites you but does no damage.
The five-headed hydra bites you!
* * * LOW HITPOINT WARNING * * *
The five-headed hydra bites you but does no damage. x2
The black bear barely misses you.
The black bear claws you but does no damage.
The black bear claws you.
* * * LOW HITPOINT WARNING * * *
You hit the black bear. You burn the black bear.
The black bear is moderately wounded.
The rime drake bites you but does no damage.
The five-headed hydra bites you but does no damage.
The five-headed hydra bites you!
* * * LOW HITPOINT WARNING * * *
The five-headed hydra bites you.
* * * LOW HITPOINT WARNING * * *
The five-headed hydra bites you but does no damage. x2
You feel better. The rime drake breathes ice at you.
The icy flash freeze hits you! You partially resist.
* * * LOW HITPOINT WARNING * * *
You are encased in ice.
The black bear bites you.
* * * LOW HITPOINT WARNING * * *
The black bear claws you.
You die...

....#....#.................#.....
...###.....#.....................
.#.........#.....................
.###.#...........................
.#####...........................
##.##...........................>
##........................#......
...........#.....................
...............k♣D.#.............
.......#.#.#.#.#h######..........
.......#........k..P# #..........
.......#............# #.......P..
...........~####...## #.....#....
.......#...## #...# #..###.....
.......#... ~..## #### ##..##
.......# ...#. ##.## .......#
...#... ###P


You could see a five-headed hydra, 2 rime drakes and a black bear.

Vanquished Creatures
  A minotaur (Lair:1)
  Fannar (Lair:2)
  A hydra (Lair:3)
  Erolcha (D:10)
  A boulder beetle (D:11)
  The ghost of Vuteokibb the Grappler, a novice TrMo of Wu Jian (Lair:1)
  2 two-headed ogres (D:11)
  Amaemon (D:8)
  A skyshark (Lair:3)
  2 cyclopes
  9 elephants
  3 black mambas (Lair:3)
  An ice statue (D:9)
  An orange demon (D:8)
  A gargoyle (D:11)
  6 cane toads
  2 unseen horrors
  4 komodo dragons
  2 trolls (D:11)
  6 blink frogs
  6 slime creatures (D:11)
  3 shadows
  Sigmund (D:4)
  A wyvern (Lair:3)
  A wraith (D:11)
  15 yaks
  A basilisk (Lair:1)
  2 vampire mosquitoes (D:12)
  Duvessa (D:4)
  2 nagas (Lair:2)
  9 water moccasins
  6 orc warriors
  3 black bears
  2 sky beasts
  An ice beast (D:6)
  11 wolves (Lair:1)
  4 centaurs
  3 kobold brigands
  13 bullfrogs
  3 gnoll sergeants
  4 scorpions
  8 wights
  Dowan (D:4)
  18 killer bees
  An electric eel (D:7)
  2 howler monkeys
  9 hounds
  6 orc priests
  A jelly (D:7)
  2 sleepcaps
  Ijyb (D:4)
  5 iguanas
  5 orc wizards
  A mummy (D:8)
  20 gnolls
  6 adders
  2 shadow imps
  A white imp (D:7)
  An ufetubus (D:5)
  2 worms
  2 dart slugs
  28 orcs
  5 ball pythons
  3 bats
  4 endoplasms
  4 giant cockroaches
  12 hobgoblins
  4 jackals (D:2)
  20 kobolds
  3 quokkas
  A frilled lizard (D:3)
  5 goblins
  12 rats
  A butterfly (Lair:3)
335 creatures vanquished.

Vanquished Creatures (collateral kills)
  A killer bee (D:10)
1 creature vanquished.

Grand Total: 336 creatures vanquished

Notes
Turn   | Place    | Note
-------+----------+-------------------------------------------
     0 | D:1      | uvd540 the Minotaur Berserker began the quest for the Orb.
     0 | D:1      | Reached XP level 1. HP: 19/19 MP: 0/0
   171 | D:1      | Reached skill level 4 in Axes
   173 | D:1      | Reached XP level 2. HP: 24/27 MP: 1/1
   242 | D:1      | Found Taerato's Armour Emporium.
   286 | D:1      | Bought a +0 kite shield for 63 gold pieces
   748 | D:2      | Reached XP level 3. HP: 34/34 MP: 2/2
   835 | D:2      | Reached skill level 1 in Shields
  1049 | D:2      | Reached ** piety under Trog
  1418 | D:3      | Reached XP level 4. HP: 29/41 MP: 3/3
  1578 | D:3      | Reached skill level 5 in Fighting
  1578 | D:3      | Reached skill level 5 in Axes
  2101 | D:3      | Found a stormy altar of Qazlal.
  2110 | D:3      | Found a radiant altar of Vehumet.
  2137 | D:4      | Noticed a black bear
  2150 | D:4      | Reached XP level 5. HP: 48/48 MP: 4/4
  2157 | D:4      | Killed a black bear
  2248 | D:4      | Reached XP level 6. HP: 55/57 MP: 5/5
  2259 | D:4      | You fall into a shaft and drop 1 floor!
  2259 | D:5      | Entered Level 5 of the Dungeon
  2421 | D:4      | Noticed Sigmund
  2431 | D:4      | Killed Sigmund
  2432 | D:4      | Reached skill level 6 in Axes
  2432 | D:4      | Reached XP level 7. HP: 64/64 MP: 6/6
  2472 | D:4      | Noticed Ijyb
  2486 | D:4      | Killed Ijyb
  2780 | D:4      | Noticed Duvessa
  2798 | D:4      | Found a sparkling altar of Nemelex Xobeh.
  2811 | D:4      | Noticed Dowan
  2831 | D:4      | Killed Duvessa
  2832 | D:4      | Reached skill level 5 in Shields
  2833 | D:4      | Killed Dowan
  2895 | D:4      | Reached skill level 7 in Axes
  2964 | D:4      | Found an opulent altar of Gozag.
  3020 | D:4      | Found a staircase to the Ecumenical Temple.
  3406 | D:5      | Found a white marble altar of Elyvilon.
  3480 | D:5      | Reached XP level 8. HP: 74/74 MP: 7/7
  3642 | D:5      | Reached *** piety under Trog
  3950 | D:6      | Reached skill level 8 in Axes
  4455 | D:6      | Found a burning altar of Makhleb.
  4759 | D:7      | Reached skill level 9 in Axes
  4945 | D:7      | Reached XP level 9. HP: 58/82 MP: 8/8
  5182 | D:7      | Reached skill level 10 in Axes
  5192 | D:7      | Reached **** piety under Trog
  6811 | D:8      | Reached skill level 11 in Axes
  6877 | D:8      | Found a snail-covered altar of Cheibriados.
  6999 | D:8      | Noticed an orange demon
  7008 | D:8      | Killed an orange demon
  7009 | D:8      | Reached skill level 10 in Fighting
  7058 | D:8      | Noticed Amaemon
  7083 | D:8      | Killed Amaemon
  7084 | D:8      | Reached skill level 12 in Axes
  7084 | D:8      | Reached XP level 10. HP: 87/94 MP: 9/9
  7732 | D:9      | Noticed an ice statue
  7906 | D:9      | Reached skill level 13 in Axes
  7971 | D:9      | Killed an ice statue
  8549 | D:9      | Noticed an orange crystal statue
  8632 | D:10     | Entered Level 10 of the Dungeon
  8734 | D:10     | Found a staircase to the Orcish Mines.
  8938 | D:10     | Noticed Erolcha
  8947 | D:10     | Killed Erolcha
  8948 | D:10     | Reached skill level 14 in Axes
  9331 | D:10     | Found a staircase to the Lair.
  9379 | D:10     | Reached skill level 5 in Armour
  9379 | D:10     | Reached XP level 11. HP: 95/104 MP: 10/10
  9636 | D:11     | Noticed a boulder beetle
  9646 | D:11     | Killed a boulder beetle
  9709 | D:11     | Noticed a two-headed ogre
  9714 | D:11     | Killed a two-headed ogre
  9787 | D:11     | Reached skill level 15 in Axes
  9860 | D:11     | Noticed a two-headed ogre
  9868 | D:11     | Killed a two-headed ogre
  9993 | D:11     | Found Fewkoclus's Serpentskin Sales.
 10562 | D:11     | Reached ***** piety under Trog
 10855 | D:11     | Reached skill level 16 in Axes
 11545 | D:12     | Reached skill level 1 in Maces & Flails
 12786 | Lair:1   | Entered Level 1 of the Lair of Beasts
 12954 | Lair:1   | Reached XP level 12. HP: 103/115 MP: 11/11
 13236 | Lair:1   | Noticed Vuteokibb's ghost (novice TrMo)
 13239 | Lair:1   | Noticed a minotaur
 13272 | Lair:1   | Found a runed translucent gate.
 13273 | Lair:1   | Found a runed translucent gate.
 13274 | Lair:1   | Found a runed translucent gate.
 13352 | Lair:1   | Reached skill level 5 in Maces & Flails
 13681 | Lair:1   | Found a blossoming altar of Fedhas.
 13877 | Lair:1   | Identified the +1 demon trident of Fimbulwinter {flame,
                  | Will+} (Trog gifted it to you on level 1 of the Lair of
                  | Beasts)
 13877 | Lair:1   | Received a gift from Trog
 14232 | Lair:1   | Killed Vuteokibb's ghost
 14245 | Lair:1   | Killed a minotaur
 14362 | Lair:2   | Noticed Fannar
 14369 | Lair:2   | Killed Fannar
 14391 | Lair:2   | Found a staircase to the Snake Pit.
 14769 | Lair:2   | You are sucked into a shaft and drop 1 floor!
 15101 | Lair:3   | Reached skill level 10 in Armour
 15448 | Lair:3   | Reached XP level 13. HP: 125/125 MP: 12/12
 15456 | Lair:3   | Reached skill level 10 in Maces & Flails
 15669 | Lair:3   | HP: 4/187 [rime drake/icy flash freeze (15)]
 15669 | Lair:3   | Slain by a black bear

Illustrated notes

Levels and vault maps discovered:
D:1:      dpeg_arrival_court, layout_rooms, serial_shops,
          nicolae_shop_advertising_works [nicolae_subvault_shop_adworks],
          minmay_hexomino_c4
D:2:      layout_loops_corners
D:3:      layout_loops_ring, mainiacjoe_overflow_swirl
D:4:      layout_loops_ring, grunt_gozag_breadcrumbs,
          mainiacjoe_overflow_concentric_impassable,
          minmay_temple_entry_antechambers, serial_bayou, serial_bayou_shore_b,
          serial_bayou_pond_b, serial_bayou_pond_d, serial_bayou_pond_b,
          uniq_ijyb, uniq_duvessa, uniq_sigmund
D:5:      layout_basic, mainiacjoe_overflow_small_starburst, amethyst_killhole
D:6:      layout_loops_corners, mainiacjoe_overflow_paths
D:7:      layout_basic, enter_bailey_4, fountainhead, hellmonk_bongcloud_opening
D:8:      layout_basic, slow_altar_2, uniq_amaemon
D:9:      minmay_separated_statues, layout_rooms, kennysheep_generic_room_7
D:10:     layout_irregular_city, grunt_lair_entry_orc_guard_hut, orc_0_dummy,
          chequers_serial_rivers_small_3, grunt_ministairs_8, uniq_erolcha
D:11:     layout_layer_cave, serial_rivers, chequers_serial_rivers_small_a,
          chequers_serial_rivers_room_b, chequers_serial_rivers_small_b,
          chequers_serial_rivers_small_3, chequers_serial_rivers_small_b,
          guppyfry_shop_venom
D:12:     layout_layer_cave, library_closet
Lair:1:   beast_lair_carwin_large_3, layout_cave_shapes,
          maelrawn_ghost_gauntlet_escape, hangedman_tree_tricks
Lair:2:   layout_misc_corridors, minmay_shoals_entry_beasts,
          guppyfry_snake_entry_garden, portal_ice_cave_entry_pillars_2,
          uniq_fannar
Lair:3:   layout_cave_shapes, hangedman_lair_generics_rect, lemuel_fruit_fields

Skill      XL: |  1  2  3  4  5  6  7  8  9 10 11 12 13 |
---------------+----------------------------------------+-----
Fighting       | 4 5 6 7 8 10 11 13 14 | 14.4
Axes           | 4 5 6 7 9 12 14 16 | 16.0
Shields        | 1 2 3 4 6 7 8 |  8.1
Armour         | 5 7 10 | 10.3
Maces & Flails | 4 9 10 | 10.3
Dodging        | |  2.1

Action                     |  1- 3 |  4- 6 |  7- 9 | 10-12 | 13-15 || total
---------------------------+-------+-------+-------+-------+-------++-------
  Melee: Hand axe          |    69 |     7 |   104 |       |       ||   180
         Headbutt          |     8 |    11 |    47 |   116 |     5 ||   187
         War axe           |       |    67 |   154 |       |       ||   221
         Battleaxe         |       |       |    45 |   209 |       ||   254
         Dagger            |       |       |       |    16 |       ||    16
         Mace              |       |       |       |   314 |    16 ||   330
         Punch             |       |       |       |     6 |       ||     6
         Demon trident     |       |       |       |       |     9 ||     9
  Throw: Dart              |       |       |     1 |    10 |       ||    11
 Invoke: Berserk           |       |     3 |     3 |     7 |       ||    13
         Trog's Hand       |       |     1 |       |     1 |       ||     2
  Evoke: Box of beasts     |       |       |       |     1 |       ||     1
         Wand              |       |       |       |     8 |     2 ||    10
    Use: Scroll            |       |     3 |    10 |     8 |       ||    21
         Potion            |       |       |     1 |    18 |     2 ||    21
 Armour: Chain mail        |    31 |    30 |   134 |   331 |    20 ||   546
         Skin              |       |       |       |    36 |    42 ||    78
  Dodge: Dodged            |    37 |    31 |   134 |   342 |    15 ||   559
  Block: Kite shield       |    14 |    27 |   114 |       |       ||   155

Table legend: (Time is in decaauts)
 A = Elapsed time spent in this place.
 B = Non-inter-level travel time spent in this place.
 C = Inter-level travel time spent in this place.
 D = Time resting spent in this place.
 E = Time spent auto-exploring this place.
 F = Levels seen in this place.
 G = Mean time per level.
                   A        B        C        D        E       F      G
               +--------+--------+--------+--------+--------+-----+--------+
         Total |  15809 |  15375 |    434 |   1702 |   9631 |  15 | 1053.9 |
       Dungeon |  12950 |  12553 |    397 |   1015 |   8310 |  12 | 1079.2 |
          Lair |   2858 |   2822 |     36 |    687 |   1321 |   3 |  952.7 |
               +--------+--------+--------+--------+--------+-----+--------+

Top non-repeatable levels by time:
     D:7: 1939 daAuts
    D:11: 1877 daAuts
  Lair:1: 1566 daAuts
    D:12: 1266 daAuts
     D:4: 1074 daAuts
     D:8: 1046 daAuts
    D:10: 1031 daAuts
     D:6: 950 daAuts
     D:9: 919 daAuts
  Lair:3: 881 daAuts
     D:2: 805 daAuts
     D:3: 790 daAuts
     D:5: 675 daAuts
     D:1: 571 daAuts
  Lair:2: 410 daAuts
